[Event "Titled Tuesday Blitz November 07 Early 2023"]
[White "Nyzhnyk, Illya"]
[Black "Martinez Alcantara, Jose Eduardo"]
[WhiteFideId "14118084"]
[BlackFideId "3805662"]
[WhiteElo "2875"]
[BlackElo "3059"]
[Result "1-0"]
[Round "9"]
[TimeControl "180+1"]
[Date "2023.11.07"]
[WhiteClock "0:00:56"]
[BlackClock "0:00:00"]
[Board "4"]

1. e4 c5 2. Nf3 d6 3. g3 Nc6 4. Bg2 g6 5. O-O Bg7 6. c3 e5 7. Na3 Nge7 8. Nc2 O-O 9. d4 exd4 10. cxd4 Bg4 11. d5 Ne5 12. Bf4 Nc8 13. Bxe5 Bxe5 14. h3 Bxf3 15. Qxf3 Nb6 16. Rab1 Nc4 17. Qe2 Nxb2 18. Ne3 Na4 19. Rxb7 Rb8 20. Rxa7 Nc3 21. Qd3 Bd4 22. Nc4 Re8 23. Kh2 Re7 24. Ra3 Nb5 25. Rb3 Na7 26. f4 Rxb3 27. axb3 f6 28. b4 Nc8 29. Na5 Na7 30. Nb3 Qb6 31. bxc5 Bxc5 32. e5 fxe5 33. fxe5 Rxe5 34. Nxc5 Qxc5 35. g4 Qc7 36. Qf3 Qe7 37. Qb3 Qc7 38. Ra1 Re7 39. g5 Rf7 40. Qe3 Re7 41. Qd4 Nc8 42. Ra8 Qb7 43. Qa4 Kg7 44. Qa1+ Kf7 45. Qf6+ Ke8 46. Ra2 Qc7 47. Qh8+ Kd7 48. Bf3 1-0


[Site "https://www.chess.com"]

[Event "Titled Tuesday Blitz November 07 Early 2023"]
[White "Carlsen, Magnus"]
[Black "Sychev, Klementy"]
[WhiteFideId "1503014"]
[BlackFideId "4114060"]
[WhiteElo "3259"]
[BlackElo "2863"]
[Result "1-0"]
[Round "9"]
[TimeControl "180+1"]
[Date "2023.11.07"]
[WhiteClock "0:00:32"]
[BlackClock "0:00:01"]
[Board "5"]

1. e4 e5 2. f4 exf4 3. Nc3 Qh4+ 4. Ke2 d5 5. Nf3 Bg4 6. Nxd5 Nc6 7. Nxc7+ Kd8 8. Nxa8 Ne5 9. Qe1 Nxf3 10. Qxh4+ Nxh4+ 11. Ke1 Nf6 12. e5 Ne4 13. d3 Bb4+ 14. c3 Nxc3 15. a3 Ba5 16. Bd2 f3 17. g3 Ng2+ 18. Bxg2 fxg2 19. Rg1 Bh3 20. Bxc3 Bxc3+ 21. bxc3 Kd7 22. Rb1 Kc6 23. Rb4 Rxa8 24. Rc4+ Kd5 25. Rh4 Bf5 26. Rxg2 Kxe5 27. Re2+ Kf6 28. Rd4 Rc8 29. Rd6+ Be6 30. Kd2 Rc5 31. a4 Rh5 32. h4 Ra5 33. Rd4 a6 34. Rb4 h6 35. c4 g5 36. hxg5+ Kxg5 37. d4 Bd7 38. Rxb7 Bxa4 39. Rxf7 Kg4 40. Rg7+ Kf3 41. Re3+ Kf2 42. Rf7+ Kg2 43. Re5 Rxe5 44. dxe5 1-0


[Site "https://www.chess.com"]

[Event "Titled Tuesday Blitz November 07 Early 2023"]
[White "Navara, David"]
[Black "Andreikin, Dmitry"]
[WhiteFideId "309095"]
[BlackFideId "4158814"]
[WhiteElo "2933"]
[BlackElo "3112"]
[Result "1/2-1/2"]
[Round "9"]
[TimeControl "180+1"]
[Date "2023.11.07"]
[WhiteClock "0:00:48"]
[BlackClock "0:01:12"]
[Board "6"]

1. d4 Nf6 2. c4 e6 3. Nc3 d5 4. cxd5 exd5 5. Bg5 c6 6. e3 Bf5 7. Qf3 h6 8. Bh4 Bh7 9. Bxf6 Qxf6 10. Qxf6 gxf6 11. Nf3 Nd7 12. Nh4 Be7 13. g3 Nb6 14. O-O-O f5 15. Ng2 Nc8 16. Nf4 Nd6 17. f3 Bg5 18. Bd3 Kd7 19. Rde1 Rae8 20. Kd2 Re7 21. Nh5 Ree8 22. b3 Bg6 23. Nf4 h5 24. h4 Bh6 25. Bc2 Re7 26. Ke2 Rhe8 27. Kf2 Bg7 28. Re2 a5 29. Rhe1 Bh6 30. Na4 Kc7 31. Bd3 Bg7 32. Nc3 Kb8 33. Na4 Kc7 34. Nc3 Kb8 35. Bb1 Bh6 36. Bd3 Bg7 1/2-1/2


[Site "https://www.chess.com"]

[Event "Titled Tuesday Blitz November 07 Early 2023"]
[White "Steinberg, Nitzan"]
[Black "Xiong, Jeffery"]
[WhiteFideId "2801795"]
[BlackFideId "2047640"]
[WhiteElo "2896"]
[BlackElo "3011"]
[Result "0-1"]
[Round "9"]
[TimeControl "180+1"]
[Date "2023.11.07"]
[WhiteClock "0:00:00"]
[BlackClock "0:00:50"]
[Board "7"]

1. e4 e5 2. Nf3 Nc6 3. Bb5 Nf6 4. O-O Nxe4 5. Re1 Nd6 6. Nxe5 Be7 7. Bf1 Nf5 8. d4 Nfxd4 9. c3 Ne6 10. Nxc6 dxc6 11. Qf3 O-O 12. Nd2 Bg5 13. Nc4 Bxc1 14. Raxc1 Bd7 15. Rcd1 Qe7 16. Qe3 Rfd8 17. g3 Qc5 18. Qc1 Be8 19. b4 Rxd1 20. Qxd1 Qd5 21. Qe2 Rd8 22. Qe3 b6 23. h4 c5 24. Ne5 cxb4 25. Bc4 Qd2 26. cxb4 Qxe3 27. Rxe3 Rd4 28. a3 Nd8 29. Bb3 Kf8 30. Rc3 c6 31. Kf1 f6 32. Nf3 Rd6 33. Ke2 Ne6 34. Ke3 c5 35. Rd3 Rxd3+ 36. Kxd3 Ke7 37. Kc3 cxb4+ 38. axb4 a5 39. bxa5 bxa5 40. Nd2 Nc5 41. Bc2 Bg6 42. Bxg6 hxg6 43. f3 Ke6 44. Nc4 a4 45. Kb4 Kd5 46. Nb6+ Kd4 47. Nc8 Ke3 48. Ne7 Kxf3 49. Nxg6 Kxg3 50. h5 Kg4 51. Ne7 Kxh5 52. Nf5 Kg6 0-1


[Site "https://www.chess.com"]

[Event "Titled Tuesday Blitz November 07 Early 2023"]
[White "Kazakouski, Valery"]
[Black "Oparin, Grigoriy"]
[WhiteFideId "13507443"]
[BlackFideId "24125890"]
[WhiteElo "2895"]
[BlackElo "2997"]
[Result "0-1"]
[Round "9"]
[TimeControl "180+1"]
[Date "2023.11.07"]
[WhiteClock "0:00:00"]
[BlackClock "0:00:12"]
[Board "8"]

1. Nf3 Nf6 2. c4 b6 3. g3 Bb7 4. Bg2 c5 5. O-O g6 6. b3 Bg7 7. Bb2 O-O 8. d4 e6 9. Nc3 Ne4 10. Qd3 f5 11. Rad1 Na6 12. Qb1 Qe7 13. e3 d6 14. Qa1 Rad8 15. Nb5 Ba8 16. Nd2 Nb4 17. Nxe4 fxe4 18. dxc5 Bxb2 19. Qxb2 bxc5 20. Nc3 d5 21. a3 Nd3 22. Qc2 Ne5 23. cxd5 exd5 24. Na4 Rc8 25. Qc3 Nf3+ 26. Kh1 Bb7 27. Rc1 Ba6 28. Rfd1 d4 29. Qb2 d3 30. Rc3 Rf5 31. Rdc1 Bb5 32. Qa2 Bxa4 33. bxa4+ Kg7 34. Qb2 Kh6 35. Rc4 Qe6 36. Qc3 Rh5 37. Bxf3 exf3 38. g4 Rd5 39. Rd1 d2 40. Rf4 Rcd8 41. h3 Rd3 42. Qxc5 Qb3 43. g5+ Kh5 44. Rh4+ Kxh4 45. Rg1 d1=Q 0-1


[Site "https://www.chess.com"]

[Event "Titled Tuesday Blitz November 07 Early 2023"]
[White "Khismatullin, Denis"]
[Black "Nenezic, Marko"]
[WhiteFideId "4142578"]
[BlackFideId "912123"]
[WhiteElo "2947"]
[BlackElo "2877"]
[Result "1-0"]
[Round "9"]
[TimeControl "180+1"]
[Date "2023.11.07"]
[WhiteClock "0:01:16"]
[BlackClock "0:00:11"]
[Board "9"]

1. e4 c5 2. Nf3 d6 3. d4 cxd4 4. Nxd4 Nf6 5. Nc3 a6 6. Be3 e6 7. Be2 Qc7 8. Qd2 b5 9. a3 Bb7 10. f3 h5 11. O-O-O Nbd7 12. Kb1 Rc8 13. Rhe1 Be7 14. g3 O-O 15. h3 Ne5 16. g4 h4 17. g5 Nh5 18. f4 Nc4 19. Bxc4 bxc4 20. f5 e5 21. Nf3 d5 22. exd5 Bd6 23. Ne4 Rb8 24. Qc3 Bc8 25. Nxh4 Bd7 26. Bc1 Rfc8 27. Rg1 Rb5 28. Nf6+ Nxf6 29. gxf6 1-0


[Site "https://www.chess.com"]

[Event "Titled Tuesday Blitz November 07 Early 2023"]
[White "Aradhya, Garg"]
[Black "Rostovtsev, Dmitry"]
[WhiteFideId "25006746"]
[BlackFideId "34278320"]
[WhiteElo "2738"]
[BlackElo "2943"]
[Result "1-0"]
[Round "9"]
[TimeControl "180+1"]
[Date "2023.11.07"]
[WhiteClock "0:01:33"]
[BlackClock "0:00:08"]
[Board "10"]

1. d4 Nf6 2. c4 e6 3. Nf3 d5 4. Nc3 h6 5. g3 Bd6 6. Bg2 O-O 7. O-O Nc6 8. b3 dxc4 9. bxc4 e5 10. Rb1 exd4 11. Nxd4 Nxd4 12. Qxd4 Re8 13. Nb5 Rxe2 14. Be3 Qe7 15. Nc3 Rxe3 16. Qxe3 Qxe3 17. fxe3 c6 18. Rfd1 Be7 19. Ne4 Nxe4 20. Bxe4 Kf8 21. Rb3 Ke8 22. Kf2 Bc5 23. Rdb1 Ke7 24. Rxb7+ Bxb7 25. Rxb7+ Kd6 26. Rxf7 Re8 27. Kf3 Re7 28. Rxe7 Kxe7 29. Bxc6 Ke6 30. Ke4 a5 31. Bd5+ Kf6 32. h4 g5 33. h5 g4 34. Kf4 Bd6+ 35. Kxg4 Ke5 36. a4 Be7 37. Kf3 Bc5 38. g4 Be7 39. Bg8 Bd6 40. g5 hxg5 41. h6 Kf6 42. Kg4 Be5 43. c5 Ke7 44. Kxg5 Bh8 45. Kg6 Be5 46. Bd5 Bc3 47. e4 Be5 48. c6 Kd6 49. Kf7 Bf4 50. h7 Be5 51. Kg8 Bd4 52. h8=Q Bxh8 53. Kxh8 Kc5 54. Kg7 Kb4 55. c7 Ka3 56. c8=Q Kb2 57. Qc4 Ka1 58. Qa2# 1-0


[Site "https://www.chess.com"]

[Event "Titled Tuesday Blitz November 07 Early 2023"]
[White "Nihal Sarin"]
[Black "Kamsky, Gata"]
[WhiteFideId "25092340"]
[BlackFideId "2000024"]
[WhiteElo "3101"]
[BlackElo "2857"]
[Result "1-0"]
[Round "9"]
[TimeControl "180+1"]
[Date "2023.11.07"]
[WhiteClock "0:00:21"]
[BlackClock "0:00:00"]
[Board "11"]

1. a3 d5 2. Nf3 Bf5 3. c4 e6 4. Qb3 b6 5. cxd5 exd5 6. Nc3 c6 7. e3 Nf6 8. Be2 Bd6 9. O-O O-O 10. d3 h6 11. e4 dxe4 12. dxe4 Nxe4 13. Rd1 Qf6 14. Be3 Nxc3 15. bxc3 Nd7 16. Nd4 Nc5 17. Qb2 Bg6 18. a4 Rac8 19. Bf3 Be4 20. a5 b5 21. a6 Rfe8 22. h3 Qe5 23. g3 Qf6 24. Kg2 Be5 25. Qe2 Bxf3+ 26. Qxf3 Na4 27. Qxf6 Bxf6 28. Nf5 Bxc3 29. Rac1 c5 30. Nd6 b4 31. Nxe8 Rxe8 32. Rd7 b3 33. Rxa7 b2 34. Rb1 Re6 35. h4 h5 36. g4 hxg4 37. h5 Bb4 38. Rd1 Nc3 39. Rd8+ Kh7 40. Raa8 g5 41. Bxg5 1-0


[Site "https://www.chess.com"]

[Event "Titled Tuesday Blitz November 07 Early 2023"]
[White "Yanchenko, Roman"]
[Black "Le, Tuan Minh"]
[WhiteFideId "4137329"]
[BlackFideId "12401153"]
[WhiteElo "2849"]
[BlackElo "3064"]
[Result "1/2-1/2"]
[Round "9"]
[TimeControl "180+1"]
[Date "2023.11.07"]
[WhiteClock "0:00:07"]
[BlackClock "0:00:03"]
[Board "12"]

1. d4 d5 2. Nf3 Nf6 3. c4 c6 4. Nc3 a6 5. Bg5 dxc4 6. Bxf6 exf6 7. a4 Be6 8. e3 Bb4 9. g3 O-O 10. Bg2 a5 11. O-O Nd7 12. Nd2 Re8 13. Qc2 f5 14. Ne2 Nb6 15. Nf4 Bxd2 16. Qxd2 Bd5 17. Nxd5 cxd5 18. b4 cxb3 19. Qc3 Nc4 20. Qxb3 Nd2 21. Qxb7 Nxf1 22. Kxf1 Rb8 23. Qc6 Re6 24. Qxd5 Qc7 25. Qxf5 Rb2 26. Qc5 Qxc5 27. dxc5 Rf6 28. f4 Rc2 29. c6 g6 30. Be4 Rc4 31. Bd5 Rc2 32. Be4 Rc3 33. Rd1 Re6 34. Rd4 Kg7 35. Kf2 f5 36. Rd7+ Kh6 37. Bd5 Rexe3 38. c7 Red3 39. Ke2 Rd4 40. h4 Kh5 41. Bf3+ Rxf3 42. Rxh7+ Kg4 43. c8=Q Re4+ 44. Kd2 Rf2+ 45. Kc3 Rf3+ 46. Kb2 Re2+ 47. Qc2 Rxc2+ 48. Kxc2 Kxg3 49. Rg7 Kxh4 50. Rxg6 Rxf4 51. Kb3 Re4 52. Ra6 Re5 53. Kc4 f4 54. Kd4 Re1 55. Rxa5 f3 56. Rf5 Kg3 57. Kc5 f2 58. Rxf2 Kxf2 59. a5 Re5+ 60. Kb6 Ke3 61. a6 Re6+ 62. Kb7 Re7+ 63. Kb8 Kd4 64. a7 Re8+ 65. Kb7 Re7+ 66. Kb8 Re8+ 67. Kb7 Re7+ 68. Kb8 1/2-1/2


[Site "https://www.chess.com"]

[Event "Titled Tuesday Blitz November 07 Early 2023"]
[White "Lobanov, Sergei"]
[Black "Tsydypov, Zhamsaran"]
[WhiteFideId "24183750"]
[BlackFideId "4108566"]
[WhiteElo "2842"]
[BlackElo "3009"]
[Result "1/2-1/2"]
[Round "9"]
[TimeControl "180+1"]
[Date "2023.11.07"]
[WhiteClock "0:00:29"]
[BlackClock "0:01:15"]
[Board "13"]

1. d4 Nf6 2. c4 g6 3. Nc3 d5 4. cxd5 Nxd5 5. e4 Nxc3 6. bxc3 Bg7 7. Nf3 c5 8. Bb5+ Nc6 9. Bxc6+ bxc6 10. O-O O-O 11. Qc2 cxd4 12. cxd4 Bg4 13. Ne5 Bxe5 14. dxe5 Qb6 15. Be3 Qa6 16. h3 Be2 17. Rfe1 Bd3 18. Qc5 Rfe8 19. Bg5 Qb5 20. Rac1 Qxc5 21. Rxc5 Bb5 22. Rd1 Rad8 23. Rxd8 Rxd8 24. Bxe7 Rd4 25. f3 h6 26. h4 a5 27. Rc2 Kh7 28. Kf2 a4 29. Kg3 Rd7 30. Bf6 Kg8 31. h5 g5 32. Kf2 Kf8 33. g3 Rd3 34. Rb2 Kg8 35. Rc2 Kf8 36. Rb2 Kg8 37. Rc2 Kf8 1/2-1/2


[Site "https://www.chess.com"]

[Event "Titled Tuesday Blitz November 07 Early 2023"]
[White "Beerdsen, Thomas"]
[Black "Deac, Bogdan-Daniel"]
[WhiteFideId "1030108"]
[BlackFideId "1226380"]
[WhiteElo "2842"]
[BlackElo "2990"]
[Result "1-0"]
[Round "9"]
[TimeControl "180+1"]
[Date "2023.11.07"]
[WhiteClock "0:00:27"]
[BlackClock "0:00:01"]
[Board "14"]

1. e4 c5 2. Nf3 e6 3. d4 cxd4 4. Bg5 Qa5+ 5. c3 h6 6. Bd2 dxc3 7. Nxc3 Nc6 8. Bb5 Qc7 9. O-O Nf6 10. Rc1 d6 11. Bf4 Bd7 12. Nd5 Qb8 13. Re1 a6 14. Ba4 Qd8 15. Nxf6+ Qxf6 16. Bxd6 Bxd6 17. Qxd6 Rc8 18. Red1 Qe7 19. Ne5 Qxd6 20. Rxd6 Rc7 21. Nxd7 Rxd7 22. Rcxc6 1-0


[Site "https://www.chess.com"]

[Event "Titled Tuesday Blitz November 07 Early 2023"]
[White "Ibarra Jerez, Jose Carlos"]
[Black "CrazyAdvenTures"]
[WhiteFideId "2226332"]
[WhiteElo "2987"]
[BlackElo "2825"]
[Result "1-0"]
[Round "9"]
[TimeControl "180+1"]
[Date "2023.11.07"]
[WhiteClock "0:00:12"]
[BlackClock "0:00:02"]
[Board "15"]

1. e4 c5 2. Nf3 Nc6 3. Nc3 e5 4. Bc4 g6 5. d3 h6 6. h4 d6 7. Nd2 Nf6 8. Nf1 Bg4 9. Qd2 Bg7 10. Ne3 Be6 11. Ncd5 O-O 12. Nxf6+ Qxf6 13. h5 g5 14. Qd1 Rab8 15. a4 a6 16. a5 Ne7 17. Ng4 Bxg4 18. Qxg4 Rfd8 19. Rh3 d5 20. exd5 Nxd5 21. Rf3 Qe7 22. Kf1 Nf6 23. Qf5 Rd4 24. g3 e4 25. Re3 Nxh5 26. c3 Rxc4 27. dxc4 Re8 28. Bd2 Qd6 29. Rd1 Re5 30. Qc8+ Kh7 31. Qxb7 Qe6 32. Kg1 Nf4 33. Be1 Qg4 34. Rd7 Nh3+ 35. Kf1 Nf4 36. gxf4 gxf4 37. Rxe4 Qh3+ 38. Ke2 f3+ 39. Kd3 Qf5 40. Rxf7 Qg6 41. Rxg7+ Qxg7 42. Qxg7+ 1-0


[Site "https://www.chess.com"]

[Event "Titled Tuesday Blitz November 07 Early 2023"]
[White "Elsa167"]
[Black "Javakhadze, Zurab"]
[BlackFideId "13603647"]
[WhiteElo "2983"]
[BlackElo "2799"]
[Result "1-0"]
[Round "9"]
[TimeControl "180+1"]
[Date "2023.11.07"]
[WhiteClock "0:00:04"]
[BlackClock "0:00:00"]
[Board "16"]

1. e4 c5 2. Nf3 d6 3. d4 cxd4 4. Qxd4 Nf6 5. Nc3 a6 6. e5 Nc6 7. Qa4 dxe5 8. Nxe5 Bd7 9. Nxd7 Qxd7 10. Be3 g6 11. Rd1 Qg4 12. Nd5 O-O-O 13. Nb6+ Kc7 14. Rxd8 Kxd8 15. Qc4 Qxc4 16. Bxc4 e6 17. Ke2 Kc7 18. Rd1 Be7 19. Bb3 Rd8 20. Rxd8 Bxd8 21. Nc4 Nd5 22. Bd2 Nd4+ 23. Kd3 Nxb3 24. axb3 Bf6 25. c3 g5 26. g4 h6 27. h3 b5 28. Na3 Be7 29. Nc2 Bd6 30. c4 Nf6 31. Bc3 Nd7 32. Bg7 Nc5+ 33. Ke2 Nxb3 34. cxb5 axb5 35. Bxh6 f6 36. Bg7 Be5 37. h4 gxh4 38. g5 h3 39. Bxf6 Bxf6 40. gxf6 h2 41. f7 h1=Q 42. f8=Q Nc1+ 43. Kd2 Nb3+ 44. Kc3 Qd5 45. Ne3 b4+ 46. Kxb4 1-0


[Site "https://www.chess.com"]

[Event "Titled Tuesday Blitz November 07 Early 2023"]
[White "Korchmar, Vasiliy"]
[Black "Rasulov, Vugar"]
[WhiteFideId "24131750"]
[BlackFideId "13402390"]
[WhiteElo "2756"]
[BlackElo "2971"]
[Result "0-1"]
[Round "9"]
[TimeControl "180+1"]
[Date "2023.11.07"]
[WhiteClock "0:00:00"]
[BlackClock "0:00:42"]
[Board "17"]

1. e4 e5 2. Nf3 Nc6 3. Nc3 Nf6 4. Bb5 Bd6 5. d3 h6 6. Ba4 a6 7. Be3 b5 8. Bb3 Na5 9. d4 exd4 10. Nxd4 O-O 11. f4 Bb4 12. e5 Ne4 13. Qd3 Bb7 14. O-O Bxc3 15. bxc3 c5 16. f5 cxd4 17. cxd4 d5 18. Rf3 Nc4 19. Bf4 f6 20. e6 Qe7 21. Raf1 a5 22. Rh3 a4 23. Bxc4 dxc4 24. Qe3 Ng5 25. Rg3 Rae8 26. h4 Nxe6 27. Bxh6 Kh7 28. Rg6 Ng5 0-1


[Site "https://www.chess.com"]

[Event "Titled Tuesday Blitz November 07 Early 2023"]
[White "Galchenko, Matvey"]
[Black "GaiozNigalidze"]
[WhiteFideId "24175480"]
[WhiteElo "2945"]
[BlackElo "2726"]
[Result "1/2-1/2"]
[Round "9"]
[TimeControl "180+1"]
[Date "2023.11.07"]
[WhiteClock "0:00:25"]
[BlackClock "0:00:24"]
[Board "18"]

1. f4 c5 2. Nf3 Nc6 3. g3 d5 4. Bg2 g6 5. O-O Bg7 6. d3 Nf6 7. Nc3 d4 8. Na4 Nd7 9. c4 dxc3 10. Nxc3 O-O 11. e4 b6 12. Be3 Ba6 13. e5 Nb4 14. Ne1 Rc8 15. Rf2 Nb8 16. d4 cxd4 17. Bxd4 N8c6 18. Be3 Qxd1 19. Rxd1 Rfd8 20. Rfd2 Rxd2 21. Rxd2 Nb8 22. a3 N4c6 23. b4 Bc4 24. Nc2 Rd8 25. Kf2 f6 26. b5 Rxd2+ 27. Bxd2 Na5 28. exf6 Bxf6 29. Ne3 Bxc3 30. Bxc3 Bxb5 31. Bd5+ Kf8 32. h4 Nac6 33. g4 Nd8 34. h5 gxh5 35. gxh5 Bc6 36. Bb3 Be4 37. f5 Nf7 38. Kg3 Nc6 39. Kf4 Bd3 40. Bd5 Ncd8 41. Bb4 a5 42. Bc3 Nd6 43. Bd4 b5 44. Bb6 N8b7 45. h6 b4 46. a4 Ke8 47. Bg8 Kf8 48. Bxh7 b3 49. Bd4 Nc5 50. Bg6 Nf7 51. h7 e5+ 52. fxe6 Bxg6 53. exf7 Bxh7 54. Bxc5+ Kxf7 55. Bd4 Ke7 56. Ke5 Bg6 57. Nd5+ Kd8 58. Nc3 Be8 59. Bb6+ Kc8 60. Bxa5 b2 61. Bb4 Bxa4 62. Ba3 b1=Q 63. Nxb1 Bc2 64. Nc3 Bb3 65. Kd4 Be6 66. Ne4 Bh3 67. Nd6+ Kb8 68. Nc4 Ka8 69. Ne5 Kb7 70. Bb4 Ka8 71. Nd3 Bg2 72. Nf4 Bh1 73. Kc5 Bb7 74. Kb6 Bh1 75. Ne6 Kb8 76. Bd6+ Kc8 77. Nc5 Kd8 78. Bg3 Ke8 79. Bh4 Kf7 80. Kc7 Bg2 81. Kd6 Bh1 82. Ke5 Bg2 83. Ne6 Ke8 84. Kd6 Kf7 85. Bg3 Bh1 86. Be5 Ke8 87. Ng5 Bg2 88. Ke6 Kd8 89. Bd6 Kc8 90. Ke5 Kb7 91. Ne6 Kc6 92. Nd4+ Kd7 93. Nf5 Bh1 94. Ne3 Bf3 95. Nc4 Bh1 96. Nd2 Kc6 97. Nb3 Kd7 98. Nd4 Bg2 99. Ne2 Bh1 100. Nf4 Bf3 101. Bc5 Bh1 102. Kd4 Kc6 103. Nd3 Kd7 104. Ne5+ Ke6 105. Ng4 Bg2 106. Nf2 Bf3 107. Nd3 Ba8 108. Ke3 Kd5 109. Bd4 Ke6 110. Nf4+ Kf5 111. Ne2 Bb7 112. Ng3+ Ke6 113. Nh5 1/2-1/2


[Site "https://www.chess.com"]

[Event "Titled Tuesday Blitz November 07 Early 2023"]
[White "Bauman_Guy"]
[Black "NovozhilovSemen"]
[WhiteElo "2921"]
[BlackElo "2719"]
[Result "0-1"]
[Round "9"]
[TimeControl "180+1"]
[Date "2023.11.07"]
[WhiteClock "0:00:13"]
[BlackClock "0:00:15"]
[Board "19"]

1. e4 c5 2. Nf3 Nc6 3. d4 cxd4 4. Nxd4 Nf6 5. Nc3 d6 6. Bg5 e6 7. Bb5 Bd7 8. Bxc6 bxc6 9. Qf3 h6 10. Bh4 Be7 11. e5 Nd5 12. Bxe7 Qxe7 13. Qg3 f5 14. exd6 Qf6 15. Nb3 f4 16. Qd3 Qe5+ 17. Ne4 O-O 18. O-O f3 19. g3 Qf5 20. Rfe1 Qg4 21. Kh1 e5 22. Nbc5 Bf5 23. Qf1 Rab8 24. b3 Rb4 25. c4 Nf6 26. Nxf6+ gxf6 27. Rad1 Rbb8 28. Re3 Qh5 29. Rd2 Rbd8 30. Qd1 Bg4 31. d7 Qh3 32. Rxf3 Bxf3+ 33. Qxf3 Qf1# 0-1


[Site "https://www.chess.com"]

[Event "Titled Tuesday Blitz November 07 Early 2023"]
[White "Kukhmazov, Arsen"]
[Black "Malek, Jan"]
[WhiteFideId "24108260"]
[BlackFideId "21864080"]
[WhiteElo "2912"]
[BlackElo "2717"]
[Result "1-0"]
[Round "9"]
[TimeControl "180+1"]
[Date "2023.11.07"]
[WhiteClock "0:00:27"]
[BlackClock "0:00:01"]
[Board "20"]

1. d4 Nf6 2. c4 g6 3. g3 Bg7 4. Bg2 O-O 5. Nc3 c6 6. e4 d5 7. cxd5 cxd5 8. e5 Ne4 9. Nge2 Nc6 10. h4 Bg4 11. f3 Nxc3 12. bxc3 Bc8 13. h5 Re8 14. hxg6 hxg6 15. Bh6 Bxh6 16. Rxh6 Kg7 17. Qd2 Rh8 18. Rxh8 Qxh8 19. Kf2 Qh6 20. Nf4 Kg8 21. Rh1 Qg5 22. Qe1 Qf5 23. Qe2 e6 24. Rh4 b6 25. Qe3 Ba6 26. Nxe6 fxe6 27. Qh6 Ne7 28. Qh8+ 1-0


[Site "https://www.chess.com"]

[Event "Titled Tuesday Blitz November 07 Early 2023"]
[White "Borgaonkar Akshay"]
[Black "Taher, Yoseph Theolifus"]
[WhiteFideId "25639110"]
[BlackFideId "7105347"]
[WhiteElo "2692"]
[BlackElo "2892"]
[Result "0-1"]
[Round "9"]
[TimeControl "180+1"]
[Date "2023.11.07"]
[WhiteClock "0:00:45"]
[BlackClock "0:01:19"]
[Board "21"]

1. d4 Nf6 2. Nc3 d5 3. Bf4 c5 4. e4 dxe4 5. d5 g6 6. Qd2 Bg7 7. O-O-O O-O 8. h4 h5 9. Be2 a6 10. Bh6 b5 11. Bxg7 Kxg7 12. f3 exf3 13. Bxf3 Bf5 14. Nge2 b4 15. Nb1 Nbd7 16. Ng3 Bg4 17. Qg5 Rh8 18. Bxg4 Nxg4 19. Rhf1 Ndf6 20. Rde1 Re8 21. Re5 Nxe5 22. Nf5+ Kg8 23. Nh6+ Kh7 24. g4 Qxd5 25. gxh5 Rad8 26. hxg6+ fxg6 27. h5 Nd3+ 0-1


[Site "https://www.chess.com"]

[Event "Titled Tuesday Blitz November 07 Early 2023"]
[White "Kislinsky, Alexey"]
[Black "Alexandre, Anne Shopie Elizabeth"]
[WhiteFideId "14108801"]
[BlackFideId "11902418"]
[WhiteElo "2668"]
[BlackElo "2863"]
[Result "1/2-1/2"]
[Round "9"]
[TimeControl "180+1"]
[Date "2023.11.07"]
[WhiteClock "0:00:56"]
[BlackClock "0:00:08"]
[Board "22"]

1. e4 c5 2. c3 d5 3. exd5 Qxd5 4. d4 g6 5. Nf3 Bg7 6. Nbd2 cxd4 7. Bc4 Qd8 8. Nxd4 Nf6 9. O-O O-O 10. Re1 Nbd7 11. N2f3 Nb6 12. Bb3 e6 13. Bg5 h6 14. Bh4 Nbd5 15. Ne5 Ne7 16. Qf3 g5 17. Bg3 Nfd5 18. h4 f6 19. Nd3 e5 20. Nc2 Be6 21. hxg5 hxg5 22. Rad1 Qb6 23. c4 Nc7 24. Ne3 Rad8 25. Nc1 Qc6 26. Qe2 f5 27. Nd5 Nexd5 28. cxd5 Bxd5 29. Bxe5 Rfe8 30. Nd3 Bxb3 31. axb3 Qb5 32. Qh5 Rxd3 33. Bxg7 Rxd1 34. Rxd1 Kxg7 35. Qxg5+ Kf7 36. Qh5+ Kg7 37. Qg5+ Kf7 38. Qh5+ Kg7 39. Qg5+ 1/2-1/2


[Site "https://www.chess.com"]

[Event "Titled Tuesday Blitz November 07 Early 2023"]
[White "Klukin, Kirill"]
[Black "Roebers, Eline"]
[WhiteFideId "24199273"]
[BlackFideId "1058401"]
[WhiteElo "2859"]
[BlackElo "2599"]
[Result "1/2-1/2"]
[Round "9"]
[TimeControl "180+1"]
[Date "2023.11.07"]
[WhiteClock "0:00:06"]
[BlackClock "0:00:05"]
[Board "23"]

1. d4 f5 2. c4 Nf6 3. Nc3 g6 4. g3 Bg7 5. Bg2 O-O 6. Nf3 d6 7. O-O Qe8 8. b3 Na6 9. Bb2 c6 10. d5 Rb8 11. Nd4 Bd7 12. Qd2 Nc7 13. Rfe1 c5 14. Nf3 b5 15. cxb5 Nxb5 16. Nxb5 Rxb5 17. Ng5 Bh6 18. h4 Rb4 19. Bc3 Rb8 20. Qc2 Bg7 21. Rad1 h6 22. Nh3 Qf7 23. Nf4 g5 24. hxg5 hxg5 25. Ne6 Bxe6 26. dxe6 Qxe6 27. e4 fxe4 28. Bxe4 Nxe4 29. Rxe4 Qf7 30. Bxg7 Kxg7 31. Qe2 Rbe8 32. Qe3 Qf6 33. Re6 Qf5 34. Rxe7+ Rxe7 35. Qxe7+ Rf7 36. Qe3 Qf6 37. Rd2 Re7 38. Qd3 Re1+ 39. Kg2 Qh6 40. Kf3 Qf6+ 41. Kg4 Re6 42. Qf5 Qxf5+ 43. Kxf5 Re5+ 44. Kg4 d5 45. Rc2 d4 46. f4 gxf4 47. gxf4 Rd5 48. Kf3 Kf6 49. Ke4 Ke6 50. Rh2 Rf5 51. Rh6+ Rf6 52. Rh5 Kd6 53. Rd5+ Kc6 54. Re5 Kd6 55. Rh5 Re6+ 56. Kd3 Re3+ 57. Kd2 Rf3 58. Rh6+ Kd5 59. Rh5+ Kd6 60. Rh6+ Kd5 61. Rh5+ Kd6 1/2-1/2


[Site "https://www.chess.com"]

[Event "Titled Tuesday Blitz November 07 Early 2023"]
[White "Asavasaetakul, Chawit"]
[Black "Yeletsky, Ivan"]
[WhiteFideId "6204856"]
[BlackFideId "24180327"]
[WhiteElo "2666"]
[BlackElo "2932"]
[Result "0-1"]
[Round "9"]
[TimeControl "180+1"]
[Date "2023.11.07"]
[WhiteClock "0:00:13"]
[BlackClock "0:00:19"]
[Board "24"]

1. e4 g6 2. d4 Bg7 3. Nf3 d6 4. Bc4 Nf6 5. Qe2 O-O 6. O-O Nfd7 7. e5 Nb6 8. Bb3 Bg4 9. h3 Bxf3 10. Qxf3 Nc6 11. exd6 Nxd4 12. Qxb7 Ne2+ 13. Kh1 Nxc1 14. dxe7 Qxe7 15. Rxc1 Bxb2 16. Nd2 Bxa1 17. Rxa1 Kg7 18. Nf3 a5 19. a4 Rfe8 20. Rd1 Rad8 21. Rf1 Qc5 22. Kg1 h6 23. Ne1 Rd1 24. Nd3 Rxf1+ 25. Kxf1 Qd4 26. g3 Qe4 27. Qxe4 Rxe4 28. Nc5 Re5 29. Nd3 Re7 30. Nc5 c6 31. f4 Nd5 32. Kf2 Nc3 33. Kf3 h5 34. g4 h4 35. g5 Nd5 36. Kg4 Re3 37. Nb7 Nc3 38. Nxa5 Ne4 39. Kxh4 Nf2 0-1


[Site "https://www.chess.com"]